 Dungeon Crawl Stone Soup version 0.25.0-33-gff14898491 (webtiles) character file.

Game seed: 17677977223941982634

157 Ethylacetat the Sneak (level 5, -9/35 HPs)
             Began as an Octopode Assassin on July 7, 2020.
             Mangled by an ogre
             ... wielding a +0 giant club
              (22 damage)
             ... on level 4 of the Dungeon.
             The game lasted 00:04:47 (2771 turns).

Ethylacetat the Sneak (Octopode Assassin)           Turns: 2771, Time: 00:04:48

Health: -9/35      AC:  1    Str: 11    XL:     5   Next: 38%
Magic:  5/5        EV: 12    Int: 14    God:
Gold:   154        SH:  0    Dex:  9    Spells: 4/4 levels left

rFire    . . .     SeeInvis .   l - +0 dagger (venom)
rCold    . . .     Gourm    .   (no shield)
rNeg     . . .     Faith    .   (helmet restricted)
rPois    +         Spirit   .   h - amulet of magic regeneration
rElec    .         Reflect  .   e - -4 ring of dexterity (curse)
rCorr    .         Harm     .   s - ring of poison resistance
MR       .....                  (no ring)
Stlth    ++++......             (no ring)
HPRegen  0.11/turn              (no ring)
MPRegen  0.34/turn              (no ring)
                                (no ring)
                                (no ring)

@: no status effects
A: almost no armour, stealthy swim, amphibious, 8 rings, constrict 8, camouflage
1, gelatinous body 1
a: no special abilities


You were on level 4 of the Dungeon.
You were not hungry.

You visited 1 branch of the dungeon, and saw 4 of its levels.

You collected 154 gold pieces.

Inventory:

Hand Weapons
 a - a +2 dagger
 l - a +0 dagger of venom (weapon)
Missiles
 b - 7 poisoned darts (quivered)
 c - 6 curare-tipped darts
Jewellery
 e - a cursed -4 ring of dexterity (left tentacle)
 h - an amulet of magic regeneration (around mantle)
 s - a ring of poison resistance (right tentacle)
Scrolls
 f - a scroll of identify {unknown}
 g - 2 scrolls of enchant armour {unknown}
 i - 5 scrolls of teleportation {unknown}
 j - a scroll of fog {unknown}
 k - a scroll of noise {unknown}
 m - 2 scrolls of blinking {unknown}
 p - a scroll of amnesia {unknown}
 q - a scroll of enchant weapon {unknown}
 r - a scroll of random uselessness {unknown}
Potions
 n - 3 potions of degeneration {unknown}
 o - a potion of stabbing {unknown}
 t - a potion of cancellation {unknown}
 u - 2 potions of might {unknown}
 w - a potion of flight {unknown}
Comestibles
 d - 4 rations
 v - a chunk of flesh


   Skills:
 + Level 2.7 Fighting
 * Level 3.7 Short Blades
 - Level 2.1 Throwing
 - Level 1.0 Dodging
 - Level 7.1 Stealth


You had 4 spell levels left.
You didn't know any spells.
Your spell library was empty.

Dungeon Overview and Level Annotations

Branches:
Dungeon (4/15)
 Temple: D:4-7

Altars:
Dithmenos


Innate Abilities, Weirdness & Mutations

You cannot wear most types of armour.
You are very stealthy in the water. (Stealth+)
You are amphibious.
You can wear up to eight rings at the same time.
You can use your tentacles to constrict eight enemies at once.
Your skin changes colour to match your surroundings (Stealth+).
Your rubbery body absorbs attacks. (AC +1, EV +1)


Message History

Sorry, you're not good enough to have a special ability.
s - a ring of poison resistance (right tentacle) Throwing (i - inventory. (/) - cycle)
b - 8 poisoned darts (quivered)
Press: ? - help, Shift-Dir - straight line, f - ogre
Aim: an ogre, wielding a +0 giant club You throw a poisoned dart.
The poisoned dart hits the ogre.
The ogre is poisoned.
You barely miss the ogre.
The ogre is lightly wounded.
The ogre hits you with a +0 giant club.
You hit the ogre.
The ogre looks even sicker.
The ogre is lightly wounded.
You barely miss the ogre.
The ogre is lightly wounded.
The ogre hits you with a +0 giant club!
You hit the ogre.
The ogre looks as sick as possible!
The ogre is moderately wounded.
The ogre hits you with a +0 giant club!!
Ouch! That really hurt!
You die...

............#
........... ###
.........# ##..#
#........####...####
#..........##..##..# #
#...#...#.#........#
#..##...##..).#.......##
.......).).............#
#.....O@..........#...
#...............<.#
.....(....$.......!.#
......###......=.......
...... #................
#....# #....#......#....
#.... ...###...####..._
...#. ..# ###.# ... #.
..


You could see an ogre (extremely poisoned).

Vanquished Creatures
  An orc priest (D:4)
  Jessica (D:2)
  An orc wizard (D:4)
  3 adders
  A worm (D:2)
  2 dart slugs (D:1)
  2 orcs (D:4)
  8 bats
  2 giant cockroaches
  4 goblins
  7 hobgoblins
  2 quokkas (D:2)
  3 frilled lizards (D:1)
  5 kobolds
  4 rats
46 creatures vanquished.

Notes
Turn   | Place    | Note
-------+----------+-------------------------------------------
     0 | D:1      | Ethylacetat the Octopode Assassin began the quest for the
                  | Orb.
     0 | D:1      | Reached XP level 1. HP: 14/14 MP: 1/1
   172 | D:1      | Reached XP level 2. HP: 19/19 MP: 2/2
   475 | D:1      | Reached skill level 6 in Stealth
   985 | D:2      | Reached XP level 3. HP: 10/24 MP: 3/3
  1546 | D:2      | Noticed Jessica
  1551 | D:2      | Killed Jessica
  1551 | D:2      | Reached skill level 7 in Stealth
  1551 | D:2      | Reached XP level 4. HP: 21/29 MP: 4/4
  2747 | D:4      | Found a shadowy altar of Dithmenos.
  2752 | D:4      | Reached XP level 5. HP: 35/35 MP: 5/5
  2760 | D:4      | Noticed an ogre
  2771 | D:4      | Mangled by an ogre

Illustrated notes

Levels and vault maps discovered:
D:1:      dpeg_arrival_arbitrary_c, layout_basic
D:2:      layout_loops_corners, first_ration, minmay_unequal, uniq_jessica
D:3:      layout_basic
D:4:      layout_cave_pools, overflow_temple_1_default,
          minmay_temple_entry_glassed_door

Skill      XL: |  1  2  3  4 |
---------------+-------------+-----
Stealth        | 6 7 |  7.1
Short Blades   | 3 |  3.7
Fighting       | |  2.7
Throwing       | |  2.1
Dodging        | |  1.0

Action                   |  1- 3 |  4- 6 || total
-------------------------+-------+-------++-------
Melee: Dagger            |    46 |    54 ||   100
       Constrict         |     8 |    14 ||    22
       Tentacles         |     3 |     5 ||     8
Throw: Dart              |       |     1 ||     1
 Stab: Sleeping          |    14 |     7 ||    21
  Eat: Chunk             |     2 |     4 ||     6
Armor: Skin              |     6 |     8 ||    14
Dodge: Dodged            |    17 |    31 ||    48
